 Dungeon Crawl Stone Soup version 0.21-a0-634-gaf8bc5d (webtiles) character file.

6609 VirginKiller the Martial Artist (level 10, -3/84 HPs)
             Began as a Demigod Transmuter on Dec 29, 2017.
             Slain by a black mamba (10 damage)
             ... on level 1 of the Lair of Beasts.
             The game lasted 01:20:07 (6867 turns).

VirginKiller the Martial Artist (DgTm)              Turns: 6867, Time: 01:20:10

Health: -3/84      AC: 10    Str: 13    XL:     10   Next: 44%
Magic:  15/15      EV: 17    Int: 17    God:
Gold:   287        SH:  3    Dex: 22    Spells: 2/12 levels left

rFire    x . .     SeeInvis .     - Unarmed
rCold    + + +     Gourm    .   (shield currently unavailable)
rNeg     . . .     Faith    .   (armour currently unavailable)
rPois    +         Spirit   .   (helmet currently unavailable)
rElec    .         Reflect  +   (cloak currently unavailable)
rCorr    .         Harm     .   (gloves currently unavailable)
MR       +....                  (boots currently unavailable)
Stlth    ++........             w - +3 amulet of reflection
HPRegen  0.24/turn              y - +4 ring of protection
MPRegen  0.14/turn              (no ring)

@: ice-form
A: large, high mp 1
a: End Transformation


You were on level 1 of the Lair of Beasts.
You were not hungry.
You were a creature of crystalline ice.
You visited 2 branches of the dungeon, and saw 9 of its levels.
You also visited: Labyrinth.

You collected 287 gold pieces.

Inventory:

Missiles
 h - 4 exploding tomahawks
 i - a throwing net (quivered)
 p - 2 steel tomahawks
 H - 13 poisoned needles
 I - 8 arrows
Armour
 b - a +0 robe (melded)
 q - a +1 pair of boots (melded)
 u - the +3 hat of Pondering (melded) {ponderous, MR+ MP+10 Int+5}
   (You took it off Gastronok on level 8 of the Dungeon)

   It affects your intelligence (+5).
   It affects your resistance to hostile enchantments.
   It affects your magic capacity (+10).
Jewellery
 w - a +3 amulet of reflection (around neck)
 y - a +4 ring of protection (left front paw)
Wands
 x - a wand of digging (20)
 z - a wand of scattershot (3)
 G - a wand of paralysis (1)
Scrolls
 g - 4 scrolls of immolation
 k - a scroll of magic mapping {unknown}
 t - 3 scrolls of enchant armour
 A - a scroll of amnesia
 B - a scroll of brand weapon {unknown}
 D - a scroll of remove curse
 F - 2 scrolls of teleportation
 J - a scroll of enchant weapon {unknown}
 K - a scroll of acquirement {unknown}
Potions
 a - a potion of berserk rage {unknown}
 e - a potion of lignification
 f - a potion of curing {unknown}
 j - a potion of invisibility {unknown}
 m - a potion of ambrosia {unknown}
 n - a potion of cancellation {unknown}
 o - a potion of mutation {unknown}
 r - a potion of flight {unknown}
 s - a potion of might
 v - 2 potions of brilliance
 E - 2 potions of agility
Books
 c - a book of Changes

   Spells                             Type                      Level
   a - Beastly Appendage              Transmutation                1
   b - Sticks to Snakes               Transmutation                2
   c - Spider Form                    Transmutation/Poison         3
   d - Ice Form                       Ice/Transmutation            4
   e - Blade Hands                    Transmutation                5
 l - a Necronomicon

   Spells                             Type                      Level
   a - Haunt                          Necromancy/Summoning         7
   b - Borgnjor's Revivification      Necromancy                   8
   c - Death's Door                   Charms/Necromancy            8
   d - Infestation                    Necromancy                   8
   e - Necromutation                  Transmutation/Necromancy     8
Miscellaneous
 P - a fan of gales
 Q - a phial of floods
 R - a sack of spiders
Comestibles
 d - 8 rations


   Skills:
 - Level 0.8 Fighting
 - Level 8.1 Dodging
 * Level 10.6 Unarmed Combat
 - Level 1.7 Spellcasting
 - Level 5.2 Transmutations
 - Level 5.0 Ice Magic
 - Level 2.2 Poison Magic


You had 2 spell levels left.
You knew the following spells:

 Your Spells              Type           Power        Failure   Level  Hunger
a - Beastly Appendage     Tmut           ###...       2%          1    #......
b - Spider Form           Tmut/Pois      ##........   13%         3    ###....
c - Sticks to Snakes      Tmut           ###.....     3%          2    ###....
d - Ice Form              Ice/Tmut       ###.....     24%         4    #####..


Dungeon Overview and Level Annotations

Branches:
Dungeon (8/15)             Temple (0/1) D:4            Lair (1/6) D:8

Shops:
D:4 :


Innate Abilities, Weirdness & Mutations

You have an increased reservoir of magic. (+10% MP)


Message History

The rime drake hisses angrily.
You hit the rime drake.
The rime drake is severely wounded.
The black mamba bites you!
* * * LOW HITPOINT WARNING * * *
Your ball python bites the rime drake.
The black mamba bites you.
* * * LOW HITPOINT WARNING * * *
The rime drake bites your ball python.
Your ball python bites the rime drake.
You pummel the rime drake!!
You kill the rime drake!
The ice encasing you melts away. The black mamba bites you.
* * * LOW HITPOINT WARNING * * *
You pummel the black mamba!!
The black mamba seems to slow down.
You freeze the black mamba.
The black mamba is severely wounded.
Your ball python misses the black mamba.
Your ball python barely misses the black mamba.
The black mamba bites you!
You die...

##...........<..........
#..........(............
##...............##.#.##
#......#.#.#...## #..#
#..........#...# ...
#.#............. .
#.#............##
#..............#
#.#....YS......
#..##...S.##...
#.............
#..............
#..............
#..............
..........(....
#..............


You could see a black mamba and a friendly ball python.

Vanquished Creatures
  Gastronok (D:8)
  A minotaur (Lab)
  A two-headed ogre (D:8)
  Pikel (D:8)
  A spiny frog (Lair:1)
  A rime drake (Lair:1)
  Prince Ribbit (D:6)
  A hippogriff (D:7)
  Sigmund (D:5)
  Grum (D:8)
  3 porcupines (D:8)
  2 orc warriors
  A slave (D:7)
  2 ogres (D:6)
  3 wolves (D:8)
  A phantom (D:7)
  2 crocodiles
  4 bullfrogs
  4 scorpions
  A howler monkey (D:6)
  3 crimson imps
  A jelly (D:5)
  An orc priest (D:7)
  5 hounds
  6 orc wizards
  Terence (D:2)
  An iguana (D:5)
  4 worker ants
  7 gnolls
  7 adders
  A howler monkey skeleton (D:7)
  2 shadow imps
  2 oozes
  An adder skeleton (D:6)
  An adder zombie (D:6)
  4 worms
  2 dart slugs
  12 orcs
  15 bats
  3 giant cockroaches
  8 goblins
  9 hobgoblins
  8 jackals
  3 quokkas
  3 ball pythons
  6 frilled lizards
  7 kobolds
  8 rats
164 creatures vanquished.

Vanquished Creatures (collateral kills)
  A bullfrog (Lair:1)
  The ghost of theanonym the Charlatan, a weakling SpAr of Gozag (D:3)
2 creatures vanquished.

Vanquished Creatures (others)
  A slave (D:8)
1 creature vanquished.

Grand Total: 167 creatures vanquished

Notes
Turn   | Place    | Note
-------+----------+-------------------------------------------
     0 | D:1      | VirginKiller the Demigod Transmuter began the quest for the Orb.
     0 | D:1      | Reached XP level 1. HP: 15/15 MP: 5/5
    70 | D:1      | Reached XP level 2. HP: 9/22 MP: 5/7
   486 | D:2      | Reached XP level 3. HP: 10/27 MP: 8/8
   491 | D:2      | Learned a level 3 spell: Spider Form
   638 | D:2      | Reached skill level 1 in Poison Magic
   717 | D:2      | Noticed Terence
   746 | D:2      | Killed Terence
   746 | D:2      | Reached XP level 4. HP: 33/34 MP: 2/9
   822 | D:2      | Found a sacrificial altar of Ru.
  1465 | D:3      | Reached XP level 5. HP: 21/39 MP: 7/10
  1481 | D:2      | Learned a level 2 spell: Sticks to Snakes
  1654 | D:4      | Found a sparkling altar of Nemelex Xobeh.
  1679 | D:3      | Noticed theanonym's ghost (weakling SpAr)
  1707 | D:3      | Killed theanonym's ghost
  1806 | D:4      | Found a staircase to the Ecumenical Temple.
  2028 | D:4      | Found Heitoec's Book Shoppe.
  2288 | D:5      | Entered Level 5 of the Dungeon
  2393 | D:5      | Reached XP level 6. HP: 27/46 MP: 7/11
  2408 | D:5      | Reached skill level 5 in Dodging
  2452 | D:5      | Noticed Sigmund
  2605 | D:5      | Found a blossoming altar of Fedhas.
  2735 | D:5      | Found a deep blue altar of Sif Muna.
  2938 | D:5      | Killed Sigmund
  2938 | D:5      | Reached XP level 7. HP: 42/51 MP: 9/12
  3223 | D:6      | Found a shattered altar of Ashenzari.
  3329 | D:6      | Noticed Prince Ribbit
  3349 | D:6      | Killed Prince Ribbit
  3412 | D:6      | Reached XP level 8. HP: 28/58 MP: 11/13
  3424 | D:6      | Learned a level 4 spell: Ice Form
  3459 | D:6      | Found an iron altar of Okawaru.
  3543 | D:6      | Reached skill level 1 in Ice Magic
  3990 | D:7      | Noticed a hippogriff
  4029 | D:7      | Killed a hippogriff
  4410 | D:8      | Reached skill level 5 in Ice Magic
  4426 | D:8      | Noticed Grum
  4433 | D:8      | Reached skill level 5 in Transmutations
  4452 | D:8      | Reached skill level 3 in Unarmed Combat
  4463 | D:8      | Reached XP level 9. HP: 14/63 MP: 12/14
  4463 | D:8      | HP: 3/75 [Grum/spear (12)]
  4480 | D:8      | Noticed Gastronok
  4487 | D:8      | Noticed a two-headed ogre
  4798 | D:8      | Reached skill level 4 in Unarmed Combat
  4834 | D:8      | Noticed Pikel
  4842 | D:8      | Reached skill level 5 in Unarmed Combat
  4847 | D:8      | Paralysed by Pikel for 6 turns
  4870 | D:8      | Killed Pikel
  4870 | D:8      | Reached skill level 6 in Unarmed Combat
  5218 | D:8      | Killed a two-headed ogre
  5218 | D:8      | Reached skill level 7 in Unarmed Combat
  5255 | D:8      | Killed Grum
  5267 | D:8      | Found a basalt altar of Yredelemnul.
  5298 | D:8      | Found an ornate altar of the Wu Jian Council.
  5301 | D:8      | Found a glowing silver altar of Zin.
  5442 | D:8      | Reached skill level 8 in Unarmed Combat
  5552 | D:8      | Killed Gastronok
  5552 | D:8      | Reached skill level 9 in Unarmed Combat
  5552 | D:8      | Reached XP level 10. HP: 49/70 MP: 4/15
  5677 | D:8      | Found a staircase to the Lair.
  5708 | Lair:1   | Entered Level 1 of the Lair of Beasts
  5708 | Lair:1   | Found a labyrinth entrance.
  5732 | Lab      | Entered a labyrinth
  6737 | Lab      | Noticed a minotaur
  6757 | Lab      | Killed a minotaur
  6757 | Lab      | Reached skill level 10 in Unarmed Combat
  6770 | Lab      | Got a translucent chain mail
  6781 | Lab      | Identified the +5 chain mail of Refuge {rC+} (You found it in a labyrinth)
  6860 | Lair:1   | Noticed a black mamba
  6867 | Lair:1   | Slain by a black mamba

Vault maps used:
D:1:      dpeg_arrival_rhombus, amethyst_killhole, hangedman_decor_slide_cut
D:2:      wad_crossroads, old_standard_altar, first_ration, uniq_terence
D:3:      kennysheep_generic_room_11
D:4:      nemelex_xobeh_ov_fountains_minmay, tgw_trog,
          minmay_temple_entry_from_below_b, serial_shops, shop
D:5:      old_standard_altar, kennysheep_mini, sigmund_army, uniq_sigmund
D:6:      evilmike_ruin_ashenzari, okawaru_trees_2, uniq_prince_ribbit1
D:7:      roderic_nine_men_s_morris
D:8:      minitemple, grunt_lair_entry_orc_guard_hut, uniq_pikel,
          uniq_gastronok, uniq_grum
Lair:1:   lab_entry_generic, grunt_forest_stairs_basic
Lab:      nicolae_lab_lava, nicolae_lab_do_over

Skill      XL: |  1  2  3  4  5  6  7  8  9 10 |
---------------+-------------------------------+-----
Transmutations | 2 3 4 5 |  5.2
Poison Magic   | 2 |  2.2
Dodging        | 3 4 6 8 |  8.1
Ice Magic      | 5 |  5.0
Unarmed Combat | 3 9 10 | 10.6
Fighting       | |  0.8
Spellcasting   | |  1.7

Action                   |  1- 3 |  4- 6 |  7- 9 | 10-12 || total
-------------------------+-------+-------+-------+-------++-------
Melee: Unarmed           |   113 |   175 |   275 |    29 ||   592
       Kick              |    17 |       |       |       ||    17
       Headbutt          |     1 |       |       |       ||     1
Throw: Throwing net      |     1 |       |       |       ||     1
 Cast: Beastly Appendage |    19 |       |       |       ||    19
       Spider Form       |     8 |    33 |    37 |     2 ||    80
       Sticks to Snakes  |       |    11 |    11 |     5 ||    27
       Ice Form          |       |       |     2 |     1 ||     3
 Abil: End Transformatio |       |     1 |       |     1 ||     2
Evoke: Wand              |       |       |    21 |       ||    21
  Use: Potion            |       |     1 |     5 |       ||     6
       Scroll            |       |       |     9 |     3 ||    12
 Stab: Sleeping          |       |     3 |     2 |       ||     5
       Paralysed         |       |       |     9 |       ||     9
       Distracted        |       |       |     1 |     1 ||     2
  Eat: Chunk             |     1 |     9 |    15 |       ||    25
       Ration            |       |     1 |       |     2 ||     3
Armor: Robe              |    17 |    11 |       |       ||    28
       Skin              |     2 |    14 |    21 |     3 ||    40
Dodge: Dodged            |    87 |   164 |   226 |    19 ||   496
Block: Other             |       |       |    22 |     2 ||    24
       Reflection        |       |       |     1 |       ||     1

Table legend:
 A = Spawn XP
 B = Non-spawn XP
 C = Spawn XP percentage of total XP
 D = Spawn monster count
 E = Non-spawn monster count
 F = Spawn count percentage of total count
 G = Total turns spent on level
                    A         B        C        D         E        F      G
               +---------+---------+-------+---------+---------+-------+---------
         Total |       0 |    9442 |   0.0 |       0 |     165 |   0.0 |  6867
               +---------+---------+-------+---------+---------+-------+---------
           D:1 |       0 |      47 |   0.0 |       0 |      27 |   0.0 |   470
           D:2 |       0 |     138 |   0.0 |       0 |      29 |   0.0 |   786
           D:3 |       0 |     101 |   0.0 |       0 |      19 |   0.0 |   479
           D:4 |       0 |     113 |   0.0 |       0 |       8 |   0.0 |   553
           D:5 |       0 |     536 |   0.0 |       0 |      12 |   0.0 |   828
           D:6 |       0 |     989 |   0.0 |       0 |      19 |   0.0 |   697
           D:7 |       0 |     754 |   0.0 |       0 |      16 |   0.0 |   853
           D:8 |       0 |    4800 |   0.0 |       0 |      30 |   0.0 |  1042
        Lair:1 |       0 |     947 |   0.0 |       0 |       4 |   0.0 |    61
           Lab |       0 |    1017 |   0.0 |       0 |       1 |   0.0 |  1098
               +---------+---------+-------+---------+---------+-------+---------
